 Dungeon Crawl Stone Soup version 0.25-a0-35-g747a2b3c0c (webtiles) character file.

Game seed: 14850586247234482931, levelgen mode: deterministic

148 Chiseanne the Magician (level 5, 31/35 HPs)
             Began as a Demonspawn Wizard on Oct 19, 2019.
             Quit the game on level 3 of the Dungeon.
             The game lasted 00:03:45 (2816 turns).

Chiseanne the Magician (Demonspawn Wizard)          Turns: 2816, Time: 00:03:46

Health: 31/35      AC:  3    Str:  7    XL:     5   Next: 8%
Magic:  4/11       EV: 12    Int: 21    God:
Gold:   92         SH:  0    Dex: 11    Spells: 3/12 levels left

rFire    . . .     SeeInvis .   k - +0 short sword
rCold    . . .     Gourm    .   (no shield)
rNeg     . . .     Faith    .   a - +0 robe
rPois    .         Spirit   .   b - +0 hat
rElec    .         Reflect  .   (no cloak)
rCorr    .         Harm     .   i - +0 pair of gloves
MR       .....                  (no boots)
Stlth    +.........             (no amulet)
HPRegen  0.11/turn              (no ring)
MPRegen  0.12/turn              (no ring)

@: no status effects
A: hooves 1, sanguine armour 1
a: no special abilities


You were on level 3 of the Dungeon.
You were hungry.

You visited 1 branch of the dungeon, and saw 4 of its levels.

You collected 92 gold pieces.

Inventory:

Hand Weapons
 k - a +0 short sword (weapon)
 o - a +0 club
 s - a +0 hunting sling
Missiles
 h - 25 arrows
 m - 76 stones (quivered)
 n - 22 sling bullets
 t - 7 javelins
Armour
 a - a +0 robe (worn)
 b - a +0 hat (worn)
 i - a +0 pair of gloves (worn)
 p - a +0 large shield
Jewellery
 e - an uncursed amulet of guardian spirit
Scrolls
 g - 3 scrolls of identify {unknown}
 u - a scroll of enchant weapon {unknown}
Potions
 c - 3 potions of heal wounds {unknown}
 f - 6 potions of curing {unknown}
 j - a potion of berserk rage {unknown}
 l - a potion of ambrosia {unknown}
 q - a potion of resistance {unknown}
Comestibles
 d - 6 rations
 r - a chunk of flesh


   Skills:
 - Level 1.7 Dodging
 - Level 1.7 Stealth
 * Level 4.2 Spellcasting
 * Level 3.2 Conjurations
 - Level 1.0 Summonings
   Level 0.8 Translocations
 * Level 1.4 Air Magic


You had 3 spell levels left.
You knew the following spells:

 Your Spells              Type           Power        Failure   Level  Hunger
a - Magic Dart            Conj           ###.         3%          1    None
b - Call Imp              Summ           #.......     12%         2    #......
c - Conjure Flame         Conj/Fire      ##......     19%         3    ###....
d - Mephitic Cloud        Conj/Pois/Air  ##......     19%         3    ###....

Your spell library contained the following spells:

 Spells                   Type           Power        Failure   Level  Hunger
 Blink                    Tloc           N/A          13%         2    #......
 Slow                     Hex            #.......     19%         2    #......


Dungeon Overview and Level Annotations

Branches:
Dungeon (4/15)
 Temple: D:4-7

Altars:


Innate Abilities, Weirdness & Mutations

You have large cloven feet.
When seriously injured, your bleeding wounds create armour. (AC +0)


Message History

The giant cockroach is heavily wounded.
The giant cockroach bites you but does no damage.
The giant cockroach bites you.
You hit the giant cockroach but do no damage.
The giant cockroach is heavily wounded.
The giant cockroach closely misses you.
You hit the giant cockroach.
You kill the giant cockroach!
Items here: )) [ ÷ † a +0 dagger; a +0 robe; a +0 club; an orc corpse; an orc skeleton You butcher the orc corpse.
r - a chunk of flesh
Items here: )) [ ÷÷ a +0 dagger; a +0 robe; a +0 club; an orc skeleton x2
An orc comes into view. It is wielding a -3 club.
There isn't anything to butcher here.
m - 75 stones (gained 1)
There is a stone staircase leading down, spattered with blood here.
m - 76 stones (gained 1) Are you sure you want to abandon this character and quit the game? (Confirm with "yes".)

#.# #.# #.#
#.# #.# #.#
##.########
#@>........
##.#.######
+..#)#####.#
##.#.......#
#.....###.#
###.#)#
###... ....
.....#


There were no monsters in sight!

Vanquished Creatures
  An orc priest (D:3)
  An orc wizard (D:3)
  A worker ant (D:4)
  An ooze (D:2)
  3 worms (D:2)
  2 leopard geckos (D:4)
  2 orcs
  4 giant cockroaches
  9 goblins
  2 hobgoblins
  6 jackals
  8 kobolds
  A quokka (D:4)
  5 bats (D:1)
  2 frilled lizards (D:1)
  2 rats
50 creatures vanquished.

Notes
Turn   | Place    | Note
-------+----------+-------------------------------------------
     0 | D:1      | Chiseanne the Demonspawn Wizard began the quest for the
                  | Orb.
     0 | D:1      | Reached XP level 1. HP: 13/13 MP: 4/4
   561 | D:1      | Gained mutation: When seriously injured, your bleeding
                  | wounds create armour. (AC +0) [demonic ancestry]
   561 | D:1      | Reached XP level 2. HP: 19/19 MP: 1/6
  1480 | D:2      | Reached XP level 3. HP: 24/24 MP: 1/8
  1543 | D:2      | Learned a level 2 spell: Call Imp
  1547 | D:2      | Learned a level 3 spell: Conjure Flame
  1551 | D:2      | Learned a level 3 spell: Mephitic Cloud
  2309 | D:2      | You fall into a shaft and drop 2 floors!
  2378 | D:3      | Reached XP level 4. HP: 30/30 MP: 0/9
  2477 | D:4      | Reached skill level 4 in Spellcasting
  2477 | D:4      | Reached skill level 1 in Air Magic
  2798 | D:3      | Gained mutation: You have large cloven feet. [demonic
                  | ancestry]
  2798 | D:3      | Reached XP level 5. HP: 32/35 MP: 1/11
  2816 | D:3      | Quit the game

Levels and vault maps discovered:
D:1:      eino_arrival_water_cross, layout_loops_ring
D:2:      layout_basic, minmay_misc_feat_rows, kennysheep_minor_cross
D:3:      layout_basic, chequers_temple_overflow_minitemple, serial_glass,
          glass_columns_a, glass_columns_a, glass_columns_c, glass_columns_b,
          glass_columns_b, glass_columns_b, uniq_natasha
D:4:      layout_loops_cross, nicolae_overflow_hidden_temple,
          minmay_temple_entry_antechambers, first_ration

Skill      XL: |  1  2  3  4 |
---------------+-------------+-----
Conjurations   | 2 3 |  3.2
Spellcasting   | 4 |  4.2
Air Magic      | 1 |  1.4
Dodging        | |  1.7
Stealth        | |  1.7
Summonings     | |  1.0
Translocations | |  0.8

Action                   |  1- 3 |  4- 6 || total
-------------------------+-------+-------++-------
Melee: Unarmed           |    27 |       ||    27
       Whip              |     1 |       ||     1
       Short sword       |    30 |    19 ||    49
       Kick              |       |     1 ||     1
Throw: Stone             |     1 |       ||     1
 Cast: Magic Dart        |   114 |    23 ||   137
       Call Imp          |       |     1 ||     1
  Eat: Chunk             |     4 |     1 ||     5
Armor: Robe              |    18 |     4 ||    22
Dodge: Dodged            |    50 |    24 ||    74

Table legend:
 A = Non-vault XP
 B = Vault XP
 C = Vault XP percentage of total XP
 D = Non-vault monster count
 E = Vault monster count
 F = Vault count percentage of total count
                 A         B        C        D         E       F
            +---------+---------+-------+---------+---------+-------
      Total |     212 |       0 |   0.0 |      50 |       0 |   0.0
            +---------+---------+-------+---------+---------+-------
        D:1 |      36 |       0 |   0.0 |      22 |       0 |   0.0
        D:2 |      43 |       0 |   0.0 |      16 |       0 |   0.0
        D:3 |      87 |       0 |   0.0 |       5 |       0 |   0.0
        D:4 |      46 |       0 |   0.0 |       7 |       0 |   0.0
            +---------+---------+-------+---------+---------+-------
